 Dungeon Crawl Stone Soup version 0.31-a0-188-g5e087ee2ca (webtiles) character file.

Game seed: 4706008052920476049

65 qw the Shooter (level 3, 0/20 HPs)
             Began as a Deep Elf Hunter on June 23, 2023.
             Slain by an orc
             ... wielding a +0 club
              (2 damage)
             ... on level 3 of the Dungeon.
             The game lasted 00:00:31 (1499 turns).

qw the Shooter (Deep Elf Hunter)                    Turns: 1499, Time: 00:00:31

Health: 0/20       AC:  4    Str: 10    XL:     3   Next: 92%
Magic:  5/5        EV: 12    Int: 13    God:
Gold:   85         SH:  0    Dex: 18    Spells: 2/2 levels left

rFire   . . .        Y - +0 shortbow
rCold   . . .        (shield currently unavailable)
rNeg    . . .        c - +0 leather armour
rPois   .            (no helmet)
rElec   .            e - +0 cloak
rCorr   .            (no gloves)
SInv    .            (no boots)
Will    .....        (no amulet)
Stlth   ++           (no ring)
HPRegen 0.23/turn    (no ring)
MPRegen 0.09/turn

%: no passive effects
@: lethally poisoned (0 -> -14)
A: hooves 1
a: no special abilities


You were on level 3 of the Dungeon.
You visited 1 branch of the dungeon, and saw 3 of its levels.

You collected 129 gold pieces.
You spent 44 gold pieces at shops.


Innate Abilities, Weirdness & Mutations

You have large cloven feet.


   Skills:
 - Level 1.5 Fighting
 + Level 7.4 Ranged Weapons
 - Level 2.4 Dodging
 - Level 1.2 Stealth


You had 2 spell levels left.
You didn't know any spells.
Your spell library was empty.

Inventory:

Hand Weapons
 Y - a +0 shortbow (weapon)
Armour
 c - a +0 leather armour (worn)
 e - a +0 cloak (worn)
 j - a +0 scale mail
Scrolls
 h - 3 scrolls of identify
Potions
 a - a potion of invisibility {unknown}
 b - a potion of brilliance {unknown}
 d - 2 potions of curing {unknown}
 f - a potion of mutation
 g - 2 potions of haste
 i - 2 potions of lignification {unknown}

Dungeon Overview and Level Annotations

Branches:
Dungeon (3/15)

Altars:

Shops:
D:3 [

Annotations:
D:2 1 runed translucent door, Crazy Yiuf


Message History

An orc comes into view. It is wielding a +0 short sword.
The orc shouts!
There is an open door here.
Enter note:
Enter note: You shoot an arrow.
The orc shouts!
The arrow hits the orc.
The orc is severely wounded.
You shoot an arrow.
The arrow hits the orc but does no damage.
The orc is severely wounded.
You shoot an arrow. The arrow hits the orc.
The orc is almost dead.
The orc hits you with a +0 dagger.
You shoot an arrow.
The arrow hits the orc but does no damage.
The orc is almost dead.
The orc hits you with a +0 dagger. The orc hits you with a +0 club.
You shoot an arrow.
The arrow hits the orc but does no damage.
The orc is almost dead.
The orc hits you with a +0 dagger. The orc hits you with a +0 club.
You shoot an arrow. The arrow hits the orc.
You kill the orc!
The orc hits you with a +0 club. The orc misses you.
The orc hits you but does no damage. The orc barely misses you.
The orc hits you with a +1 short sword of venom.
You are lethally poisoned!
You shoot an arrow. The arrow hits the orc.
The orc is heavily wounded.
You feel very sick. The orc barely misses you.
The orc hits you with a +0 short sword. The orc hits you with a +0 club.
The orc barely misses you.
You shoot an arrow. The arrow hits the orc.
The orc is severely wounded.
You feel sick. The orc hits you but does no damage.
You are more poisoned.
The orc misses you. The orc hits you with a +0 club.
You die...

#####.. ...
#...... #..#
#.#..^. ...###
##### #.....#
..... ##...#
###....
#...+##....#
#...#
#~~¤#......#
#....
#~¤~#......#
##...#
#.¤o@##....#
#.....
#....ooo##...#
#....#
#...###...#...#
###....# #..
##..##..#
#....... .
...#..######..##
#..#............
..#........<...
..#.)...#..####
#.#...#.##


You could see 4 orcs.

Vanquished Creatures
  2 adders (D:2)
  An orc (D:3)
  3 endoplasms
  6 goblins
  3 hobgoblins (D:1)
  3 jackals (D:1)
  4 quokkas
  4 ball pythons
  5 bats (D:1)
  3 frilled lizards
  A kobold (D:2)
  6 rats
41 creatures vanquished.

Notes
Turn   | Place    | Note
-------+----------+-------------------------------------------
     0 | D:1      | qw the Deep Elf Hunter began the quest for the Orb.
     0 | D:1      | Reached XP level 1. HP: 12/12 MP: 3/3
     0 | D:1      | 0 ||| qw: Version: 0.3-a-9-g12657ce
     0 | D:1      | 0 ||| qw: Game counter: 4299
     0 | D:1      | 0 ||| qw: Always use a shield: true
     0 | D:1      | 0 ||| qw: God list: Okawaru
     0 | D:1      | 0 ||| qw: Allow faded altars: false
     0 | D:1      | 0 ||| qw: Do Orc after D:15 true
     0 | D:1      | 0 ||| qw: Do second Lair branch before Depths: true
     0 | D:1      | 0 ||| qw: Lair rune preference: random
     0 | D:1      | 0 ||| qw: Plans: Normal
     0 | D:1      | 0 ||| PLANNING D:1-11
   162 | D:1      | Reached XP level 2. HP: 16/16 MP: 4/4
   186 | D:1      | Reached skill level 6 in Ranged Weapons
   520 | D:1      | Reached XP level 3. HP: 20/20 MP: 5/5
   798 | D:1      | 798 ||| UPGRADING to +0 cloak.
   803 | D:1      | 803 ||| READING scroll labelled CYUPPE CAKK.
   804 | D:1      | 804 ||| READING scroll labelled BEASEGU WACK.
   805 | D:1      | 805 ||| DROPPING scroll of butterflies.
   926 | D:2      | Found a runed translucent door.
   927 | D:2      | Noticed Crazy Yiuf
   988 | D:2      | Reached skill level 7 in Ranged Weapons
  1267 | D:2      | 1267 ||| DRINKING 2 viscous blue potions.
  1274 | D:2      | 1274 ||| DRINKING 2 lumpy silvery potions.
  1274 | D:2      | Gained mutation: You have large cloven feet. [potion of
                  | mutation]
  1275 | D:2      | 1275 ||| DRINKING 3 brown potions.
  1276 | D:2      | 1276 ||| DROPPING potion of ambrosia.
  1460 | D:3      | Found Teagaesm's Armour Shoppe.
  1464 | D:3      | 1464 ||| BUYING +0 scale mail (44 gold).
  1464 | D:3      | Bought a +0 scale mail for 44 gold pieces
  1498 | D:3      | HP: 4/20 [orc/+0 club (3)]
  1499 | D:3      | Slain by an orc

Levels and vault maps discovered:
D:1:      dpeg_arrival_chambers_temple_mockup, layout_basic,
          amcnicky_mini_pool_small
D:2:      layout_rooms, uniq_crazy_yiuf_cottage
D:3:      layout_basic, mainiacjoe_overflow_two_lobes,
          mainiacjoe_overflow_large_starburst, serial_shops, shop,
          kennysheep_nub, corexii_hall_statues_x

Skill      XL: |  1  2  3 |
---------------+----------+-----
Ranged Weapons | 6 7 |  7.4
Fighting       | |  1.5
Dodging        | |  2.4
Stealth        | |  1.2

Action                     || total
---------------------------++-------
   Fire: Shortbow          ||   112
    Use: Potion            ||     3
         Scroll            ||     2
 Armour: Leather armour    ||    20
  Dodge: Dodged            ||    36

Table legend:
 A = Non-vault XP
 B = Vault XP
 C = Vault XP percentage of total XP
 D = Non-vault monster count
 E = Vault monster count
 F = Vault count percentage of total count
                 A         B        C        D         E       F
            +---------+---------+-------+---------+---------+-------
      Total |      93 |       0 |   0.0 |      41 |       0 |   0.0
            +---------+---------+-------+---------+---------+-------
        D:1 |      46 |       0 |   0.0 |      27 |       0 |   0.0
        D:2 |      38 |       0 |   0.0 |       9 |       0 |   0.0
        D:3 |       9 |       0 |   0.0 |       5 |       0 |   0.0
            +---------+---------+-------+---------+---------+-------
